 Dungeon Crawl Stone Soup version 0.31-a0-233-g139696dc86 (webtiles) character file.

Game seed: 340485794578252264

607277 Decritt the Petrodigitator (level 27, 0/143 (184) HPs)
             Began as a Gargoyle Earth Elementalist on July 9, 2023.
             Was an Initiate of Gozag.
             Slain by a bone dragon (7 damage)
             ... called by a doom hound
             ... in the Vestibule of Hell.
             The game lasted 04:53:56 (90151 turns).

Decritt the Petrodigitator (GrEE)                  Turns: 90151, Time: 04:53:56

HP:   0/143 (184)   AC: 42    Str: 18 (21) XL:     27
MP:   14/58         EV: 16    Int: 19 (33) God:    Gozag
Gold: 8158          SH: 14    Dex: 12 (17) Spells: 25/71 levels left

rFire   + + +        e - +10 long sword "Ditwepn" {freeze, Str-5 Int+5 SInv}
rCold   + . .        Q - +2 shield of Resistance {rF++ rC++ Will++}
rNeg    + + .        V - +1 leather armour of Tobruh {MP+9 Int+3}
rPois   ∞            z - +2 hat
rElec   +            o - +2 cloak {rCorr}
rCorr   +            L - +2 pair of gloves {Str+3}
SInv    +            T - +1 pair of boots {Stlth+}
Will    +++++        R - amulet of Diesutoamm {RegenMP +Blink rC- Regen+ Dex+4}
Stlth   +++          p - ring "Xunkuzib" {+Blink rF+ Will+ AC+4}
HPRegen 0.00/turn    S - ring of Ogasiatu {rC+ rN+ Str+6 Dex+3}
MPRegen 0.76/turn

%: clarity
@: flying, inhibited regen, studying 6 skills, heavily drained
A: sickness immunity, AC +20, big wings, negative energy resistance 1,
electricity resistance, torment resistance 1, petrification resistance, clarity,
inhibited regeneration, cold vulnerability 1, MP-powered wands
}: 3/15 runes: serpentine, barnacled, silver
a: Renounce Religion, Evoke Blink, Potion Petition, Call Merchant, Bribe Branch


You were in the Vestibule of Hell.
You worshipped Gozag.
Gozag was greatly pleased with you.
You visited 14 branches of the dungeon, and saw 59 of its levels.
You visited the Abyss 1 time.
You also visited: Desolation.

You collected 33172 gold pieces.
You spent 13226 gold pieces at shops.
You paid 11788 gold pieces to Gozag.

Inventory:

Hand Weapons
 e - the +10 long sword "Ditwepn" (weapon) {freeze, Str-5 Int+5 SInv}
   (You took it off a yaktaur on level 5 of the Vaults)

   Str:       It affects your strength (-5).
   Int:       It affects your intelligence (+5).
   SInv:      It lets you see invisible.
Armour
 i - a scarf of repulsion
 o - a +2 cloak of preservation (worn)
 z - a +2 hat (worn)
 L - a +2 pair of gloves of strength (worn)
 Q - the +2 shield of Resistance (worn) {rF++ rC++ Will++}
   (You bought it in a shop on level 3 of the Elven Halls)

   rF:        It greatly protects you from fire.
   rC:        It greatly protects you from cold.
   Will:      It greatly increases your willpower.
 T - a +1 pair of boots of stealth (worn)
 V - the +1 leather armour of Tobruh (worn) {MP+9 Int+3}
   (You bought it in a shop on level 3 of the Elven Halls)

   Int:       It affects your intelligence (+3).
   MP:        It affects your magic capacity (+9).
 W - the +2 cloak of the Dragon {Rampage Str+3}
   (You found it in the Desolation of Salt)

   Str:       It affects your strength (+3).
   Rampage:   It bestows one free step when moving towards enemies.
Magical Staves
 f - the staff "Maanix" {rN+ Dex+3 Necro}
   (You found it on level 4 of the Shoals)

   [staff of death]

   Base accuracy: +5 Base damage: 5 Base attack delay: 1.2 This weapon's minimum
   attack delay (0.6) is reached at skill level 12.
   Dex:       It affects your dexterity (+3).
   rN:        It protects you from negative energy.
   Necro:     It increases the power of your Necromancy spells.
   It falls into the 'Staves' category.
   It is a one-handed weapon.
 y - the staff "Obiabb" {rF+ rC+ rCorr Int-5 Dex+2 Ice}
   (You found it on level 5 of the Vaults)

   [staff of cold]

   Base accuracy: +5 Base damage: 5 Base attack delay: 1.2 This weapon's minimum
   attack delay (0.6) is reached at skill level 12.
   Int:       It affects your intelligence (-5).
   Dex:       It affects your dexterity (+2).
   rF:        It protects you from fire.
   rC:        It protects you from cold.
   rCorr:     It protects you from acid and corrosion.
   Ice:       It increases the power of your Ice spells.
   It falls into the 'Staves' category.
   It is a one-handed weapon.
 C - a staff of earth
Jewellery
 j - a ring of the Octopus King {HP+2 AC+2 EV+2 SH+2 SInv}
   (You bought it in a shop on level 2 of the Snake Pit)

   [ring of see invisible]

   AC:        It affects your AC (+2).
   EV:        It affects your evasion (+2).
   HP:        It affects your health (+2).
   SInv:      It lets you see invisible.
   SH:        It affects your SH (+2).
 p - the ring "Xunkuzib" (left hand) {+Blink rF+ Will+ AC+4}
   (You took it off a deep elf sorcerer on level 3 of the Elven Halls)

   [ring of protection]

   AC:        It affects your AC (+4).
   rF:        It protects you from fire.
   +Blink:    It lets you blink.
   Will:      It increases your willpower.
 F - the amulet of the Four Winds {rN+ Will+++ Clar}
   (You bought it in a shop on level 2 of the Snake Pit)

   [amulet of nothing]

   rN:        It protects you from negative energy.
   Clar:      It protects you from confusion, rage, mesmerisation and fear.
   Will:      It greatly increases your willpower.
 O - the ring of Avugh {Drain rElec rPois MP+9 Dex+2}
   (You found it in the Desolation of Salt)

   [ring of magical power]

   Dex:       It affects your dexterity (+2).
   rElec:     It insulates you from electricity.
   rPois:     It protects you from poison.
   MP:        It affects your magic capacity (+9).
   Drain:     It drains your maximum health when unequipped.
 R - the amulet of Diesutoamm (around neck) {RegenMP +Blink rC- Regen+ Dex+4}
   (You bought it in a shop on level 2 of the Orcish Mines)

   [amulet of magic regeneration]

   It increases your rate of magic regeneration.
   Dex:       It affects your dexterity (+4).
   rC:        It makes you vulnerable to cold.
   +Blink:    It lets you blink.
   Regen:     It increases your rate of health regeneration.
 S - the ring of Ogasiatu (right hand) {rC+ rN+ Str+6 Dex+3}
   (You bought it in a shop on level 2 of the Orcish Mines)

   [ring of strength]

   Str:       It affects your strength (+6).
   Dex:       It affects your dexterity (+3).
   rC:        It protects you from cold.
   rN:        It protects you from negative energy.
Wands
 x - a wand of digging (14)
Scrolls
 c - 4 scrolls of blinking
 m - 6 scrolls of fog
 n - 7 scrolls of poison
 q - 4 scrolls of enchant armour
 s - 5 scrolls of fear
 t - 10 scrolls of amnesia
 w - 7 scrolls of immolation
 B - 8 scrolls of revelation
 D - 16 scrolls of teleportation
 E - 6 scrolls of torment
 G - 4 scrolls of summoning
Potions
 a - 2 potions of ambrosia
 b - 5 potions of magic
 d - 10 potions of brilliance
 h - 2 potions of berserk rage
 k - 11 potions of curing
 l - 5 potions of heal wounds
 u - 4 potions of resistance
 v - 7 potions of cancellation
 A - 3 potions of enlightenment
 J - 4 potions of lignification
 K - 5 potions of haste


   Skills:
 + Level 22.0 Fighting
 - Level 14.0 Armour
 + Level 13.1 Dodging
 - Level 2.1 Stealth
 - Level 14.0 Shields
 * Level 22.8 Spellcasting
 - Level 12.0 Conjurations
 + Level 8.2 Necromancy
 - Level 3.0 Translocations
 + Level 7.7 Transmutations
 - Level 15.2 Fire Magic
 - Level 2.2 Ice Magic
 O Level 27 Earth Magic


You had 25 spell levels left.
You knew the following spells:

 Your Spells              Type           Power      Damage    Failure   Level
a - Leda's Unmaking       Conj/Erth      38%        9d7       1%          6
b - Lehudib's Crystal Sp  Conj/Erth      38%        10d10     9%          8
c - Shatter               Erth           45%        3d35*     6%          9
d - Starburst             Conj/Fire      32%        6d10      2%          6
e - Flame Wave            Conj/Fire      65%        2d15      1%          4
f - Ozocubu's Armour      Ice            30%        N/A       4%          3
g - Stone Arrow           Conj/Erth      100%       3d13      0%          3
r - Passwall              Tmut/Erth      60%        N/A       0%          2
s - Swiftness             Air            21%        N/A       12%         3
z - Blink                 Tloc           66%        N/A       1%          2

Your spell library contained the following spells:

 Spells                   Type           Power      Damage    Failure   Level
 Sandblast                Erth           100%       2d20      0%          1
 Scorch                   Fire           100%       2d9       0%          2
 Lee's Rapid Deconstruct  Erth           45%        3d22*     0%          5
 Kiss of Death            Conj/Necr      100%       2d13      1%          1
 Shock                    Conj/Air       100%       1d9       1%          1
 Sting                    Tmut/Pois      100%       1d8       1%          1
 Lesser Beckoning         Tloc           66%        N/A       1%          2
 Dazzling Flash           Conj/Hex       88%        N/A       1%          3
 Ignite Poison            Fire/Tmut/Pois 50%        N/A       1%          3
 Inner Flame              Hex/Fire       50%        N/A       1%          3
 Vampiric Draining        Necr           52%        2d9       1%          3
 Volatile Blastmotes      Fire/Tloc      100%       2d18      1%          3
 Animate Armour           Summ/Erth      100%       N/A       1%          4
 Dispel Undead            Necr           52%        3d19      1%          4
 Iskenderun's Mystic Bla  Conj/Tloc      50%        2d11      1%          4
 Leda's Liquefaction      Hex/Erth       32%        N/A       1%          4
 Petrify                  Tmut/Erth      73%        N/A       1%          4
 Sticky Flame             Conj/Fire      65%        2d8       1%          4
 Borgnjor's Vile Clutch   Necr/Erth      36%        N/A       1%          5
 Irradiate                Conj/Tmut      28%        3d21      1%          5
 Slow                     Hex            84%        N/A       3%          1
 Gell's Gravitas          Tloc           33%        N/A       3%          3
 Teleport Other           Tloc           33%        N/A       3%          3
 Blade Hands              Tmut           25%        N/A       4%          5
 Poisonous Vapours        Pois/Air       42%        N/A       6%          2
 Portal Projectile        Hex/Tloc       54%        N/A       6%          3
 Manifold Assault         Tloc           33%        N/A       11%         4
 Passage of Golubria      Tloc           33%        N/A       11%         4
 Call Canine Familiar     Summ           21%        N/A       12%         3
 Confusing Touch          Hex            21%        N/A       12%         3
 Summon Guardian Golem    Hex/Summ       21%        N/A       12%         3
 Tukima's Dance           Hex            21%        N/A       12%         3
 Freezing Cloud           Conj/Ice/Air   19%        6-21      16%         5
 Death Channel            Necr           26%        N/A       21%         6
 Alistair's Intoxication  Tmut/Pois      24%        N/A       22%         5
 Yara's Violent Unravell  Hex/Tmut       18%        3d9       22%         5
 Orb of Destruction       Conj           30%        9d10      24%         7
 Airstrike                Air            10%        2d(2-18)  36%         4
 Olgreb's Toxic Radiance  Pois           21%        N/A       36%         4
 Summon Lightning Spire   Summ/Air       21%        N/A       36%         4
 Conjure Ball Lightning   Conj/Air       22%        3x3d6     45%         6
 Summon Forest            Summ/Tloc      13%        N/A       50%         5
 Metabolic Englaciation   Hex/Ice        12%        N/A       56%         5
 Silence                  Hex/Air        10%        N/A       71%         5
 Eringya's Noxious Bog    Tmut/Pois      18%        4d6       77%         6
 Dragon Form              Tmut           25%        N/A       80%         7
 Dispersal                Tloc           16%        N/A       86%         6
 Spellforged Servitor     Conj/Summ      22%        N/A       95%         7
 Summon Cactus Giant      Summ           10%        N/A       99%         6
 Malign Gateway           Summ/Tloc      13%        N/A       100%        7
 Ozocubu's Refrigeration  Ice            15%        4d10      100%        7
 Storm Form               Tmut/Air       18%        N/A       100%        7
 Summon Hydra             Summ           10%        N/A       100%        7
 Borgnjor's Revivificati  Necr           26%        N/A       100%        8
 Discord                  Hex            10%        N/A       100%        8
 Disjunction              Tloc           16%        N/A       100%        8
 Necromutation            Tmut/Necr      25%        N/A       100%        8
 Summon Horrible Things   Summ           10%        N/A       100%        8
 Polar Vortex             Ice            15%        12d2*     100%        9
 Cigotuvi's Dreadful Rot  Necr/Pois/Air  Unusable   N/A       N/A         2
 Statue Form              Tmut/Erth      Unusable   N/A       N/A         6
 Simulacrum               Ice/Necr       Unusable   N/A       N/A         6

Dungeon Overview and Level Annotations

Branches:
Dungeon (15/15)            Temple (1/1) D:5            Lair (5/5) D:10
 Shoals (4/4) Lair:2        Snake (4/4) Lair:3        Slime (5/5) Lair:4
    Orc (2/2) D:12            Elf (3/3) Orc:2        Vaults (5/5) D:13
  Crypt (3/3) Vaults:3       Tomb (0/3) Crypt:3      Depths (4/4) D:15
   Hell (1/1)                 Dis (0/7) Hell            Geh (5/7) Hell
    Coc (0/7) Hell            Tar (2/7) Hell            Zot (0/5) Depths:4
Desolation (visited)

Altars:
Ashenzari
Cheibriados
Dithmenos
Elyvilon
Fedhas
Gozag
Hepliaklqana
Kikubaaqudgha
Makhleb
Qazlal
Ru
Sif Muna
Uskayaw
Wu Jian
Xom
Yredelemnul
Zin
The Shining One
Jiyva
Lugonu

Shops:
D:1 [   D:2 (   D:9 !   D:15 *[=*   Orc:2 *(((*   Elf:3 ([((!*:   Snake:1 (
Snake:2 ?=   Snake:4 *=?(   Vaults:1 !(   Hell :*:   Depths:1 ?   Depths:2 *

Portals:
Hell: Depths:1 Depths:2 Depths:3 Depths:4
Abyss: Depths:1 Depths:2 Depths:3 Depths:4
Pandemonium: Depths:1 Depths:2 Depths:3
Ziggurat: Depths:4

Annotations:
D:6 2 runed translucent doors
D:8 2 transporters
Shoals:2 2 transporters, exclusion: orange crystal statue
Snake:2 6 transporters
Slime:5 Royal Jelly


Innate Abilities, Weirdness & Mutations

You are immune to sickness and miasma.
Your stone body is resilient. (AC +20)
You are immune to poison.
Your large and strong wings let you fly.
You resist negative energy. (rN+)
You are resistant to electric shocks. (rElec)
You are resistant to unholy torment.
You are immune to petrification.
You possess an exceptional clarity of mind.
You do not regenerate when monsters are visible.
You are vulnerable to cold. (rC-)
You expend magic power (3 MP) to strengthen your wands.


Message History

You block the putrid mouth's attack. The putrid mouth claws you!
* * * LOW HITPOINT WARNING * * *
The reaper is no longer distracted by gold.
The putrid mouth bites you but does no damage.
The putrid mouth misses you. The reaper hits you but does no damage.
The reaper barely misses you. You block the reaper's attack.
The reaper misses you. The putrid mouth bites you.
* * * LOW HITPOINT WARNING * * *
The putrid mouth misses you.
The bone dragon bites you but does no damage.
The bone dragon claws you but does no damage.
The bone dragon tramples you but does no damage.
You block the reaper's attack. The reaper hits you but does no damage.
The putrid mouth completely misses you. The putrid mouth closely misses you.
You block the bone dragon's attack.
The bone dragon claws you but does no damage.
The bone dragon tramples you but does no damage.
Your magical contamination has completely faded away.
Unknown command.
The putrid mouth howls a warning cry!
The reaper hits you but does no damage. You block the reaper's attack.
You block the bone dragon's attack.
The bone dragon claws you but does no damage.
You block the bone dragon's attack.
Unknown command.
The reaper closely misses you. You block the reaper's attack.
The putrid mouth bites you but does no damage.
The putrid mouth claws you but does no damage.
The bone dragon barely misses you. You block the bone dragon's attack.
The bone dragon tramples you but does no damage.
Unknown command.
The reaper hits you from afar with a +1 scythe of flaming!
* * * LOW HITPOINT WARNING * * *
You block the reaper's attack.
The putrid mouth howls a warning cry!
The bone dragon closely misses you. The bone dragon misses you.
The bone dragon tramples you!
You die...
Your body crumbles into a pile of gold.

≈≈§≈## ##........## ≈≈≈##
##..2......## §≈##
##...D.......## ≈##
##...#.$.......## ##
##...####.#'.#...## #
##...###.#....##...##
##..222#..D....#.....#
##...WD###......##.....
##.....@.'...∩...#......
##.#.#.#.###.∩∩..###.#.#.
##.#########.......#######
##.###.#.#.#.....∩...#.#.#.
##...#......................
#...###.....................
##### ######################


You could see a bone dragon, 2 reapers, a putrid mouth (catching breath) and a
tormentor.

Vanquished Creatures
  Dissolution (Slime:3)
  A dread lich (Geh:5)
  Khufu (Crypt:2)
  A royal mummy (Crypt:3)
  Vashnia (Snake:4)
  Geryon (Hell)
  5 golden dragons
  2 Brimstone Fiends (Hell)
  5 hellephants
  2 doom hounds (Tar:2)
  4 tentacled monstrosities
  Jorgrun (Snake:1)
  A tainted leviathan (Hell)
  2 walking earthen tomes
  3 titans
  A deep elf master archer (Elf:3)
  2 walking divine tomes (Depths:4)
  5 deep elf blademasters
  2 walking frostbound tomes
  5 liches
  An acid blob (Slime:2)
  2 quicksilver dragons (Snake:4)
  12 searing wretches
  Polyphemus (Shoals:1)
  9 sphinxes
  5 ancient champions
  5 shadow dragons
  Agnes (Snake:1)
  6 storm dragons
  8 tengu reavers
  A draconian monk (Depths:4)
  4 azure jellies
  2 rockslimes
  3 nagarajas
  18 vault wardens
  33 fire giants
  3 revenants
  7 frost giants
  A daeva (Depths:4)
  A draconian knight (Depths:4)
  A frost giant (shapeshifter) (Vaults:5)
  6 deep elf sorcerers (Elf:3)
  Aizul (Lair:3)
  6 iron dragons (Depths:3)
  3 curse skulls
  3 imperial myrmidons (Desolation)
  20 balrugs
  4 deep elf elementalists (Elf:3)
  14 ghouls
  A draconian stormcaller (Depths:4)
  A cacodemon (Hell)
  A juggernaut zombie (Crypt:1)
  3 quicksilver oozes
  2 angels (Depths:3)
  2 orc warlords
  15 very ugly things
  6 spriggan defenders
  6 reapers
  5 war gargoyles
  17 stone giants
  A green draconian (Depths:4)
  3 ironbound thunderhulks
  7 formless jellyfish
  19 ironbound preservers
  11 vampire knights
  3 deep elf demonologists
  A wendigo (Hell)
  Nessos (D:14)
  A lorocyproca (Hell)
  An elemental wellspring (Hell)
  3 halazid warlocks (Desolation)
  4 putrid mouths (Hell)
  2 white draconians (Depths:4)
  8 spark wasps
  12 dire elephants
  Azrael (Orc:2)
  14 deep elf annihilators
  3 purple draconians (Depths:4)
  8 deep elf death magi
  A green death (Hell)
  3 eidola
  3 jiangshi (Crypt:2)
  17 ettins
  An entropy weaver (Vaults:3)
  11 fire dragons
  10 merfolk impalers
  Josephine (D:13)
  2 merfolk javelineers
  4 crystal guardians
  4 mummy priests (Crypt:3)
  6 ragged hierophants (Desolation)
  18 yaktaur captains
  15 deep elf high priests
  3 rakshasas
  2 elf skeletons (Crypt:3)
  8 ice dragons
  A caustic shrike simulacrum (Hell)
  2 hell beasts
  8 great orbs of eyes
  A servant of whispers (Desolation)
  35 vault guards
  An ogre mage (Vaults:5)
  10 peacekeepers
  12 ironbound frosthearts
  13 salamander tyrants
  5 merfolk avatars
  4 hydras
  6 spriggan air magi
  A fenstrider witch skeleton (Crypt:2)
  2 catoblepae
  23 centaur warriors
  2 stokers
  8 boulder beetles
  2 death knights (Crypt:2)
  20 anacondas
  9 death yaks
  An alligator (shapeshifter) (Vaults:5)
  7 merfolk aquamancers
  2 spriggan skeletons
  A two-headed ogre (shapeshifter) (Vaults:2)
  9 naga warriors
  A spectral stone giant (Tar:1)
  6 tengu warriors
  34 hell hogs
  8 two-headed ogres
  9 vampire magi
  5 orc high priests (Orc:2)
  A titan zombie (Crypt:2)
  29 dancing weapons
  8 deep troll earth magi
  9 sun demons (Hell)
  14 naga sharpshooters
  11 deep troll shamans
  A hell knight (Depths:2)
  7 spriggan berserkers
  6 shock serpents
  Amaemon (D:8)
  4 soul eaters
  2 shadow wraiths
  22 deep elf knights
  4 skysharks
  A titan skeleton (Crypt:1)
  5 salamander mystics
  44 skeletal warriors
  A spectral bunyip (Tar:1)
  Lodul (D:10)
  A fire crab (shapeshifter) (D:14)
  A sea snake (shapeshifter) (D:14)
  19 sea snakes
  A ghost moth zombie (Crypt:3)
  An anaconda zombie (Crypt:3)
  9 iron trolls
  A storm dragon skeleton (Crypt:3)
  A sixfirhy (Hell)
  6 flayed ghosts
  A swamp dragon (Lair:3)
  65 deep trolls
  12 bog bodies
  6 naga ritualists
  23 deep elf archers
  7 wizards
  11 lindwurms
  4 glowing orange brains
  10 phantasmal warriors
  2 tengu zombies
  4 shining eyes
  12 necromancers
  18 ironbound convokers
  2 lindwurms (shapeshifter)
  12 orc knights
  27 deep elf pyromancers
  5 harpies
  An iron dragon zombie (Crypt:2)
  37 deep elf zephyrmancers
  19 mana vipers
  2 human zombies (Vaults:4)
  A stone giant zombie (Vaults:4)
  A spectral alligator snapping turtle (Tar:1)
  39 ugly things
  2 fauns (Shoals:2)
  4 cyclopes
  23 salamanders
  28 black mambas
  2 naga zombies
  15 manticores
  An elephant (shapeshifter) (Elf:3)
  12 water nymphs
  8 merfolk sirens
  18 guardian serpents
  18 naga magi
  10 vault sentinels
  2 frost giant skeletons (Vaults:5)
  5 rust devils (Hell)
  2 titan simulacra
  2 eyes of devastation
  6 molten gargoyles
  4 orange demons
  Joseph (D:9)
  3 smoke demons (Hell)
  A torpor snail (Lair:5)
  An alligator snapping turtle zombie (Crypt:1)
  4 cane toads
  6 hellions
  A minotaur zombie (Crypt:1)
  A tormentor (Tar:1)
  A gargoyle (D:13)
  Maggie (D:9)
  A kobold demonologist (D:9)
  2 unseen horrors
  An efreet (D:14)
  2 dire elephant skeletons
  9 komodo dragons
  7 freezing wraiths
  4 rime drakes
  45 yaktaurs
  3 tengu conjurers (Depths:3)
  2 yaktaurs (shapeshifter)
  27 guardian mummies (Crypt:3)
  22 merfolk
  2 red devils
  A red draconian skeleton (Crypt:2)
  9 wind drakes
  9 hornets
  A troll (shapeshifter) (Vaults:5)
  A wolf spider simulacrum (D:14)
  11 trolls
  A harpy zombie (Crypt:3)
  A shadow dragon simulacrum (Vaults:4)
  A spectral harpy (Tar:1)
  Prince Ribbit (D:6)
  A blink frog (shapeshifter) (Elf:2)
  38 saltlings (Desolation)
  An iron dragon simulacrum (Vaults:5)
  4 polar bears
  13 blink frogs
  A jumping spider zombie (Crypt:2)
  A harpy skeleton (Crypt:2)
  A dream sheep (shapeshifter) (Vaults:5)
  7 dream sheep
  A guardian serpent zombie (Crypt:3)
  7 snapping turtles
  83 slime creatures
  A centaur simulacrum (D:14)
  A shadow (D:6)
  An orc simulacrum (Crypt:1)
  14 wraiths
  A ynoxinul (Depths:2)
  31 yaks
  11 air elementals
  12 spriggans
  2 wyverns (D:9)
  A vampire (D:13)
  38 water elementals
  12 ushabtiu (Crypt:3)
  An alligator snapping turtle simulacrum (Hell)
  A dire elephant simulacrum (Hell)
  A tyrant leech zombie (Crypt:2)
  4 fire elementals
  16 humans (D:13)
  A wind drake zombie (Crypt:1)
  3 ettin skeletons
  11 vampire mosquitoes
  6 golden eyes
  2 steam dragons (Lair:2)
  A human (shapeshifter) (D:13)
  4 basilisks
  Edmund (D:6)
  A chaos spawn (Abyss:2)
  A harpy simulacrum (Crypt:2)
  5 wargs
  A water nymph zombie (Crypt:1)
  53 nagas
  3 acid dragons
  9 hell hounds
  A demonspawn skeleton (Crypt:3)
  10 water moccasins
  11 black bears
  A swamp drake (Lair:3)
  A manticore zombie (Crypt:1)
  An ice beast (Temple)
  3 sky beasts
  A black mamba simulacrum (Crypt:1)
  2 ettin simulacra
  16 ogres
  37 orc warriors
  25 wolves
  4 boggarts (Lair:5)
  2 snapping turtle skeletons
  16 centaurs
  An elephant skeleton (Crypt:2)
  4 kobold brigands
  4 earth elementals
  2 gnoll sergeants
  4 necrophages
  A komodo dragon skeleton (Crypt:2)
  7 bullfrogs
  3 scorpions
  6 killer bees (D:8)
  5 vampire bats
  5 howler monkeys
  A troll skeleton (Crypt:2)
  6 electric eels
  2 hounds
  29 orc priests
  Crazy Yiuf (D:2)
  A gnoll bouda (D:4)
  A black bear skeleton (Crypt:3)
  9 iguanas
  22 orc wizards
  13 hell rats
  10 mummies (Crypt:3)
  Robin (D:3)
  11 gnolls
  6 adders
  3 shadow imps
  2 white imps (D:6)
  An ufetubus (D:6)
  4 worms
  A dart slug (D:1)
  75 orcs
  12 bats
  A bat skeleton (D:6)
  7 bat zombies
  7 endoplasms
  4 giant cockroaches
  24 goblins
  12 hobgoblins
  15 kobolds
  3 quokkas
  4 ball pythons
  3 frilled lizards
  A gnoll skeleton (Crypt:3)
  6 rats
  A spectral kobold (D:1)
  3 creeping infernos
  21 fire vortices
2527 creatures vanquished.

Vanquished Creatures (collateral kills)
  3 naga ritualists (Snake:2)
  A mana viper (Snake:2)
  2 naga magi (Snake:2)
6 creatures vanquished.

Vanquished Creatures (others)
  A spriggan air mage (Depths:2)
  A naga warrior (Snake:3)
  A merfolk aquamancer (Shoals:3)
  A deep elf knight (Elf:1)
  A sun demon (Hell)
  An ironbound convoker (Desolation)
  2 wizards
  2 deep elf pyromancers
  A black mamba (Snake:3)
  A naga (Snake:3)
  An orc priest (Orc:2)
  2 orc wizards
  A butterfly (D:3)
  25 spectral weapons
  2 starspawn tentacles (Abyss:2)
43 creatures vanquished.

Grand Total: 2576 creatures vanquished

Notes
Turn   | Place    | Note
-------+----------+-------------------------------------------
     0 | D:1      | Decritt the Gargoyle Earth Elementalist began the quest for
                  | the Orb.
     0 | D:1      | Reached XP level 1. HP: 10/10 MP: 3/3
   200 | D:1      | Reached XP level 2. HP: 16/16 MP: 0/5
   497 | D:1      | Reached skill level 1 in Fighting
   546 | D:1      | Found Leotal's Armour Shoppe.
   601 | D:1      | Found a faded altar of an unknown god.
   641 | D:1      | Reached skill level 4 in Earth Magic
   709 | D:1      | Reached XP level 3. HP: 20/20 MP: 3/6
  1720 | D:2      | Reached skill level 1 in Armour
  1720 | D:2      | Reached XP level 4. HP: 26/26 MP: 3/7
  1770 | D:2      | Found Urphuphi's Antique Weapon Shop.
  1961 | D:2      | Found a glowing silver altar of Zin.
  1966 | D:2      | Reached skill level 1 in Shields
  2256 | D:2      | Found a runed translucent door.
  2257 | D:2      | Noticed Crazy Yiuf
  2325 | D:3      | Found a white marble altar of Elyvilon.
  2342 | D:3      | Reached XP level 5. HP: 30/30 MP: 3/9
  2609 | D:3      | Noticed Robin
  2636 | D:3      | Killed Robin
  3612 | D:4      | Reached skill level 5 in Earth Magic
  3612 | D:4      | Reached XP level 6. HP: 37/37 MP: 5/11
  4664 | D:2      | Bought a polished glaive for 184 gold pieces
  4664 | D:2      | Identified the +9 glaive of Xom's Inspiration {venom, rF+
                  | Will- Dex+3} (You bought it in a shop on level 2 of the
                  | Dungeon)
  4677 | D:2      | Learned a level 2 spell: Passwall
  4681 | D:2      | Learned a level 3 spell: Stone Arrow
  4756 | D:2      | Killed Crazy Yiuf
  4914 | D:5      | Entered Level 5 of the Dungeon
  4964 | D:5      | Found a staircase to the Ecumenical Temple.
  4971 | D:5      | Reached XP level 7. HP: 42/42 MP: 12/12
  4983 | Temple   | Entered the Ecumenical Temple
  5047 | D:5      | Identified the +1 quarterstaff of a sewer {freeze, rPois
                  | rC+ rCorr}
  5549 | D:6      | Found an ancient bone altar of Kikubaaqudgha.
  5564 | D:6      | Reached skill level 6 in Earth Magic
  5715 | D:6      | Found a hazy altar of Hepliaklqana.
  5924 | D:6      | Found an ornate altar of the Wu Jian Council.
  5955 | D:6      | Noticed Edmund
  6024 | D:6      | Reached XP level 8. HP: 33/48 MP: 14/14
  6028 | D:6      | Killed Edmund
  6219 | D:6      | Reached skill level 5 in Fighting
  6234 | D:6      | Found a large runed translucent door.
  6235 | D:6      | Found a large runed translucent door.
  6241 | D:6      | Noticed a shadow
  6241 | D:6      | Noticed a brown ugly thing
  6292 | D:6      | Reached skill level 5 in Spellcasting
  6292 | D:6      | Noticed a two-headed ogre
  6299 | D:6      | Killed a two-headed ogre
  6300 | D:6      | Reached skill level 7 in Earth Magic
  6300 | D:6      | Reached XP level 9. HP: 18/55 MP: 15/17
  6428 | D:6      | Got Avytetz's Almanac of Putrid Wanderlust
  6432 | D:6      | Learned a level 2 spell: Blink
  6463 | D:6      | Found a large runed translucent door.
  6463 | D:6      | Found a large runed translucent door.
  6597 | D:6      | Reached skill level 8 in Earth Magic
  6611 | D:6      | Noticed a manticore
  6620 | D:6      | Killed a manticore
  6621 | D:6      | Reached skill level 1 in Translocations
  6830 | D:6      | Noticed Prince Ribbit
  6837 | D:6      | Killed Prince Ribbit
  6995 | Temple   | Became a worshipper of Gozag Ym Sagoz the Greedy
  7350 | D:7      | Found a stormy altar of Qazlal.
  7598 | D:7      | Reached skill level 5 in Armour
  8044 | D:8      | Reached XP level 10. HP: 63/63 MP: 19/19
  8063 | D:8      | Noticed Amaemon
  8064 | D:8      | Noticed an orange demon
  8084 | D:8      | Reached skill level 9 in Earth Magic
  8627 | D:8      | Killed an orange demon
  8739 | D:8      | Killed Amaemon
  8971 | D:8      | Noticed a fire crab
  8977 | D:8      | Found a transporter.
  8985 | D:8      | Found a transporter.
  9012 | D:8      | Noticed a two-headed ogre
  9015 | D:8      | Killed a two-headed ogre
  9030 | D:8      | Reached skill level 10 in Earth Magic
  9134 | D:8      | Noticed a kobold demonologist
  9867 | D:9      | Found Otwunex's Distillery.
  9873 | D:9      | Bought a potion of curing for 36 gold pieces
  9873 | D:9      | Bought a potion of haste for 120 gold pieces
  9873 | D:9      | Bought a potion of curing for 36 gold pieces
  9873 | D:9      | Bought a potion of brilliance for 48 gold pieces
  9892 | D:9      | Noticed Maggie
  9901 | D:9      | Killed Maggie
 10163 | D:9      | Reached skill level 5 in Shields
 10165 | D:9      | Reached XP level 11. HP: 69/69 MP: 19/22
 10184 | D:9      | Noticed a soul eater
 10454 | D:9      | Noticed a two-headed ogre
 10460 | D:9      | Killed a two-headed ogre
 10706 | D:9      | Noticed Joseph
 10715 | D:9      | Killed Joseph
 10865 | D:9      | Noticed a cyclops
 10870 | D:9      | Killed a cyclops
 11195 | D:10     | Entered Level 10 of the Dungeon
 11414 | D:10     | Noticed Lodul
 11424 | D:10     | Reached skill level 10 in Fighting
 11428 | D:10     | Killed Lodul
 11545 | D:10     | Found a sacrificial altar of Ru.
 11795 | D:10     | Found a staircase to the Lair.
 12299 | D:1      | Bought a +2 cloak for 214 gold pieces
 12520 | Lair:1   | Entered Level 1 of the Lair of Beasts
 12970 | Lair:1   | Reached skill level 1 in Conjurations
 12970 | Lair:1   | Reached skill level 11 in Earth Magic
 13307 | Lair:2   | Noticed a boulder beetle
 13316 | Lair:2   | Killed a boulder beetle
 13317 | Lair:2   | Reached XP level 12. HP: 61/78 MP: 22/25
 14386 | Lair:2   | Found a staircase to the Shoals.
 15088 | Lair:3   | Noticed a five-headed hydra
 15220 | Lair:3   | Killed a seven-headed hydra
 15365 | Lair:3   | Found a staircase to the Snake Pit.
 15735 | Lair:4   | Reached skill level 10 in Spellcasting
 16000 | Lair:4   | Noticed a five-headed hydra
 16012 | Lair:4   | Killed a nine-headed hydra
 16530 | Lair:4   | Reached XP level 13. HP: 85/85 MP: 27/27
 16904 | Lair:3   | Reached skill level 12 in Earth Magic
 17353 | Lair:4   | Found a viscous altar of Jiyva.
 17353 | Lair:4   | Found a staircase to the Slime Pits.
 17464 | Lair:5   | Entered Level 5 of the Lair of Beasts
 18387 | Lair:5   | Reached skill level 5 in Dodging
 18872 | Lair:5   | Found a broken altar of Ashenzari.
 19246 | Lair:5   | Gained mutation: Your large and strong wings let you fly.
                  | [Gargoyle growth]
 19246 | Lair:5   | Reached XP level 14. HP: 67/92 MP: 10/29
 19409 | Lair:5   | Identified the +8 longbow "Sebug" {heavy, Dex+4}
 20583 | D:11     | Reached skill level 13 in Earth Magic
 21537 | D:12     | Found a staircase to the Orcish Mines.
 22679 | Orc:1    | Entered Level 1 of the Orcish Mines
 23262 | Orc:2    | Entered Level 2 of the Orcish Mines
 23264 | Orc:2    | Noticed an orc warlord
 23608 | D:11     | Killed an orc warlord
 24697 | Orc:2    | Found a staircase to the Elven Halls.
 24728 | Orc:2    | Noticed Azrael
 25940 | Orc:2    | Killed Azrael
 28145 | Orc:2    | Reached XP level 15. HP: 62/100 MP: 22/32
 28339 | Orc:2    | Found Fecem's General Store.
 28342 | Orc:2    | Found Mycwajas's Weapon Shoppe.
 28343 | Orc:2    | Found Suwuc's Antique Weapon Emporium.
 28344 | Orc:2    | Found Edijudeqe's Antique Weapon Emporium.
 28350 | Orc:2    | Bought an ichor-stained great mace for 264 gold pieces
 28350 | Orc:2    | Identified the +10 great mace "Umissua" {elec, *Slow rN+
                  | Int+2} (You bought it in a shop on level 2 of the Orcish
                  | Mines)
 28354 | Orc:2    | Bought a scroll of amnesia for 60 gold pieces
 28354 | Orc:2    | Bought a scroll of immolation for 60 gold pieces
 28667 | Orc:2    | Bought a slimy orb for 406 gold pieces
 28667 | Orc:2    | Identified the orb "Huirucai" {*channel, *Corrode rElec rF+
                  | Str+3} (You bought it in a shop on level 2 of the Orcish
                  | Mines)
 28667 | Orc:2    | Bought a transparent amethyst amulet for 145 gold pieces
 28667 | Orc:2    | Identified the amulet of Diesutoamm {RegenMP +Blink rC-
                  | Regen+ Dex+4} (You bought it in a shop on level 2 of the
                  | Orcish Mines)
 28667 | Orc:2    | Bought a steaming gossamer ring for 145 gold pieces
 28667 | Orc:2    | Identified the ring of Ogasiatu {rC+ rN+ Str+6 Dex+3} (You
                  | bought it in a shop on level 2 of the Orcish Mines)
 28667 | Orc:2    | Bought a pair of embroidered boots for 217 gold pieces
 28801 | Orc:2    | Bought the +3 dagger of Tender Mercy {spect, rC++ Str-3}
                  | for 573 gold pieces
 29074 | Snake:1  | Entered Level 1 of the Snake Pit
 29074 | Snake:1  | Noticed Jorgrun
 29074 | Snake:1  | Found Viwulan's Weapon Emporium.
 29159 | Snake:1  | Killed Jorgrun
 29551 | D:13     | Noticed Josephine
 29593 | D:13     | Killed Josephine
 29596 | D:13     | Reached skill level 10 in Armour
 29895 | D:13     | Reached skill level 14 in Earth Magic
 29921 | D:13     | You are sucked into a shaft and drop 2 floors!
 29921 | D:15     | Entered Level 15 of the Dungeon
 30135 | D:13     | Found a broken altar of Ashenzari.
 30193 | D:13     | Identified the ring of Midsummer {Str+3 Dex+6}
 30590 | Abyss:2  | Cast into level 2 of the Abyss (a wizard)
 30615 | Abyss:2  | Found a runed translucent door.
 30624 | Abyss:2  | Paralysed by accursed screaming for 1 turns
 30628 | Abyss:2  | Paralysed by accursed screaming for 2 turns
 30635 | Abyss:2  | Paralysed by accursed screaming for 1 turns
 30636 | Abyss:2  | Noticed a tentacled starspawn
 30638 | Abyss:2  | Paralysed by accursed screaming for 1 turns
 30700 | D:13     | Escaped the Abyss
 30970 | D:13     | Found a gate to the Vaults.
 31817 | D:14     | Noticed Nessos
 32088 | D:14     | Killed Nessos
 32535 | D:15     | Reached XP level 16. HP: 87/107 MP: 23/34
 33199 | D:15     | Found a staircase to the Depths.
 33339 | D:15     | Reached skill level 1 in Fire Magic
 33354 | D:15     | Reached skill level 1 in Necromancy
 33636 | D:15     | Bought a scroll of teleportation for 108 gold pieces
 33636 | D:15     | Bought a warped leather armour for 252 gold pieces
 33636 | D:15     | Identified the +1 leather armour of Pride {Int+2} (You
                  | bought it in a shop on level 15 of the Dungeon)
 33826 | Shoals:1 | Entered Level 1 of the Shoals
 34032 | Shoals:1 | Reached skill level 10 in Shields
 34926 | Shoals:2 | Noticed Polyphemus
 35028 | Shoals:1 | Killed Polyphemus
 35122 | Shoals:2 | Found a transporter.
 36001 | Shoals:2 | Identified the ring of Divine Compulsion {rPois MP+9}
 36004 | Shoals:2 | Found a transporter.
 36350 | Shoals:2 | Reached skill level 1 in Ice Magic
 36796 | Shoals:3 | Reached skill level 15 in Fighting
 37454 | Shoals:4 | Entered Level 4 of the Shoals
 37549 | Shoals:4 | Reached XP level 17. HP: 113/113 MP: 28/35
 37573 | Shoals:4 | Reached skill level 15 in Spellcasting
 38025 | Shoals:4 | Noticed a titan
 38106 | Shoals:4 | Reached skill level 5 in Conjurations
 38218 | Shoals:4 | Killed a titan
 38219 | Shoals:4 | Reached skill level 5 in Fire Magic
 38572 | Shoals:4 | Got a barnacled rune of Zot
 38573 | Shoals:4 | Identified the staff "Maanix" {rN+ Dex+3 Necro}
 38576 | Shoals:4 | Identified the +0 scale mail of Senwy {Harm rC+++ rN+
                  | Str-4}
 38580 | Shoals:4 | Identified the +6 lajatang of the Shark {flame, rC+ rN+}
 38899 | Shoals:4 | Found a stormy altar of Qazlal.
 38914 | Shoals:4 | Paralysed by an air elemental for 1 turns
 39046 | Shoals:4 | Paralysed by an air elemental for 1 turns
 40012 | Snake:1  | Noticed Aizul
 40042 | Lair:3   | Killed Aizul
 41163 | Snake:1  | Noticed Agnes
 41173 | Snake:1  | Killed Agnes
 41672 | Snake:2  | Found a transporter.
 41677 | Snake:2  | Found a transporter.
 41707 | Snake:2  | Found a transporter.
 41710 | Snake:2  | Found a transporter.
 41883 | Snake:2  | Reached XP level 18. HP: 97/119 MP: 3/37
 42063 | Snake:2  | Found a transporter.
 42080 | Snake:2  | Found Beroqa's Magic Scroll Shop.
 42109 | Snake:2  | Bought a scroll of acquirement for 728 gold pieces
 42109 | Snake:2  | Bought a scroll of teleportation for 42 gold pieces
 42116 | Snake:2  | Found a stormy altar of Qazlal.
 42279 | Snake:2  | Found a transporter.
 42302 | Snake:2  | Found a shimmering blue altar of Sif Muna.
 42306 | Snake:2  | Found a transporter.
 42413 | Snake:2  | Found Unkeerik's Jewellery Shoppe.
 42420 | Snake:2  | Bought the amulet of the Four Winds {rN+ Will+++ Clar} for
                  | 667 gold pieces
 42420 | Snake:2  | Found the amulet of the Four Winds {rN+ Will+++ Clar}
 42442 | Snake:2  | Bought a ring of the Octopus King {HP+2 AC+2 EV+2 SH+2
                  | SInv} for 565 gold pieces
 42442 | Snake:2  | Found the ring of the Octopus King {HP+2 AC+2 EV+2 SH+2
                  | SInv}
 42654 | Snake:2  | Reached skill level 15 in Earth Magic
 42849 | Snake:2  | Found a transporter.
 42891 | Snake:2  | Learned a level 4 spell: Flame Wave
 44666 | Snake:4  | Entered Level 4 of the Snake Pit
 44919 | Snake:4  | Reached skill level 10 in Fire Magic
 44937 | Snake:4  | Reached skill level 16 in Earth Magic
 45217 | Snake:4  | Learned a level 6 spell: Starburst
 45954 | Snake:4  | Reached XP level 19. HP: 124/124 MP: 33/39
 46094 | Snake:4  | Reached skill level 10 in Conjurations
 46363 | Snake:4  | Noticed Vashnia
 46494 | Snake:4  | Killed Vashnia
 46583 | Snake:4  | Reached skill level 17 in Earth Magic
 46937 | Snake:4  | Got a serpentine rune of Zot
 46991 | Snake:4  | Found Minaur's Jewellery Boutique.
 46991 | Snake:4  | Found Locwitzuill's Assorted Antiques.
 47193 | Snake:4  | Found Yfragoud's Weapon Emporium.
 47194 | Snake:4  | Found Aseaboawn's Magic Scroll Boutique.
 47200 | Snake:4  | Bought a scroll of summoning for 180 gold pieces
 47210 | Snake:4  | Bought a pair of embroidered boots for 255 gold pieces
 47210 | Snake:4  | Bought a scroll of acquirement for 1768 gold pieces
 47210 | Snake:4  | Bought a scroll of blinking for 255 gold pieces
 47292 | Snake:4  | Acquired 1032 gold pieces
 47296 | Snake:4  | Acquired Ycsidgh's Textbook on Black Arts and Clay
 47612 | Vaults:1 | Entered Level 1 of the Vaults
 48155 | Vaults:1 | Reached skill level 18 in Earth Magic
 48945 | Vaults:1 | Found Egylic's Distillery.
 49029 | Vaults:1 | Bought a potion of brilliance for 56 gold pieces
 49029 | Vaults:1 | Bought a potion of curing for 42 gold pieces
 49029 | Vaults:1 | Bought a potion of heal wounds for 70 gold pieces
 49029 | Vaults:1 | Bought a potion of curing for 42 gold pieces
 49029 | Vaults:1 | Bought a potion of curing for 42 gold pieces
 49029 | Vaults:1 | Bought a potion of heal wounds for 70 gold pieces
 49531 | Vaults:1 | Found Ahoirudd's Weapon Boutique.
 49693 | Vaults:1 | Reached XP level 20. HP: 129/129 MP: 25/40
 50595 | Vaults:2 | Reached skill level 19 in Earth Magic
 53061 | Vaults:2 | Learned a level 6 spell: Leda's Unmaking
 53065 | Vaults:2 | Learned a level 3 spell: Swiftness
 53737 | Vaults:3 | Found a staircase to the Crypt.
 53939 | Vaults:3 | Reached XP level 21. HP: 134/134 MP: 23/42
 54374 | Vaults:3 | Reached skill level 20 in Earth Magic
 54671 | Vaults:3 | Found the +9 sword of Zonguldrok {reap}
 56823 | Vaults:4 | Identified the +1 ring mail "Baecw" {rElec rN++ Int+4}
 57585 | Elf:1    | Entered Level 1 of the Elven Halls
 57603 | Elf:1    | Found a crumbling gateway.
 57615 | Desolati | Entered the Desolation of Salt
 57868 | Desolati | Identified the +5 hand axe of Hungering Anguish {venom, Fly
                  | Int+2}
 57874 | Desolati | Got the Parchment of Maleficia and the Catacomb
 57877 | Desolati | Identified the ring "Aghorghen" {Fire Dex+4 SInv Stlth-}
 57880 | Desolati | Got the Codex of the Twinkling Icicle
 57882 | Desolati | Identified the +2 cloak of the Dragon {Rampage Str+3}
 58037 | Desolati | Found the +3 Mad Mage's Maulers {Infuse+∞ VampMP -Cast}
 58162 | Desolati | Identified the +9 arbalest of Turmoil {antimagic, Dex+2}
 58408 | Desolati | Identified the ring of Avugh {Drain rElec rPois MP+9 Dex+2}
 58909 | Desolati | Reached XP level 22. HP: 140/140 MP: 32/44
 59223 | Desolati | Reached skill level 15 in Fire Magic
 59456 | Desolati | Identified the ring "Qomemi Tixzo" {Fire Will+ Str-3
                  | Slay+2}
 59461 | Desolati | Got the Annotations on Creeping Transmogrification
 59670 | Elf:1    | Reached skill level 21 in Earth Magic
 61569 | Elf:2    | Paralysed by an air elemental for 1 turns
 62135 | Elf:2    | Found a runed translucent gate.
 62135 | Elf:2    | Found a runed translucent gate.
 62135 | Elf:2    | Found a runed translucent gate.
 63283 | Elf:3    | Entered Level 3 of the Elven Halls
 63283 | Elf:3    | Found Peg Metz's Weapon Shoppe.
 63481 | Elf:3    | Reached skill level 22 in Earth Magic
 63626 | Elf:3    | Found Toshrysec's Antique Weapon Shoppe.
 63664 | Elf:3    | Bought a steaming dagger for 182 gold pieces
 63664 | Elf:3    | Identified the +8 dagger "Ylowufel" {flame, *Rage rC++
                  | Str-5 Dex+3} (You bought it in a shop on level 3 of the
                  | Elven Halls)
 63982 | Elf:3    | Found Nixiv's Distillery.
 63984 | Elf:3    | Found Muisos's General Store.
 63987 | Elf:3    | Found Ciedghil's Book Boutique.
 63992 | Elf:3    | Bought a potion of haste for 170 gold pieces
 64075 | Elf:3    | Found a runed translucent door.
 64103 | Elf:3    | Paralysed by an air elemental for 1 turns
 64107 | Elf:3    | Paralysed by an air elemental for 1 turns
 64109 | Elf:3    | Paralysed by an air elemental for 1 turns
 64622 | Elf:3    | Identified the ring "Xunkuzib" {+Blink rF+ Will+ AC+4}
 64629 | Elf:3    | Reached XP level 23. HP: 125/145 MP: 28/45
 65272 | Elf:3    | Identified the amulet of Okawaru's Castigation {Spirit rN+
                  | Str+3 Int+3}
 65273 | Elf:3    | Identified the +7 trident "Leneh" {antimagic, *Corrode rF+
                  | Str+5}
 65276 | Elf:3    | Identified the +2 ring mail of the Sacrificial Victim
                  | {Rampage rElec}
 65663 | Elf:3    | Reached skill level 23 in Earth Magic
 65986 | Elf:3    | Identified the ring "Memuut" {rC+ rN+ Str+6}
 66049 | Elf:3    | Bought a warped orcbow for 399 gold pieces
 66049 | Elf:3    | Identified the +11 orcbow "Oqiba" {antimagic, Dex+8 Stlth-}
                  | (You bought it in a shop on level 3 of the Elven Halls)
 66051 | Elf:3    | Bought the +2 shield of Resistance {rF++ rC++ Will++} for
                  | 2679 gold pieces
 66051 | Elf:3    | Found the +2 shield of Resistance {rF++ rC++ Will++}
 66051 | Elf:3    | Bought a diamond-studded leather armour for 266 gold pieces
 66051 | Elf:3    | Identified the +1 leather armour of Tobruh {MP+9 Int+3}
                  | (You bought it in a shop on level 3 of the Elven Halls)
 66075 | Elf:3    | Bought a pair of glowing boots for 285 gold pieces
 66320 | Depths:1 | Entered Level 1 of the Depths
 66510 | Depths:1 | Found a gateway to Hell.
 67209 | Depths:1 | Found a one-way gate leading to the halls of Pandemonium.
 67374 | Depths:1 | Found Giokuc's Magic Scroll Shoppe.
 67533 | Depths:1 | Found a one-way gate to the infinite horrors of the Abyss.
 68104 | Depths:2 | Reached skill level 24 in Earth Magic
 68108 | Depths:2 | Noticed a golden dragon
 68339 | Depths:1 | Killed a golden dragon
 68704 | Depths:2 | Learned a level 9 spell: Shatter
 68713 | Depths:2 | Learned a level 8 spell: Lehudib's Crystal Spear
 69381 | Depths:2 | Found Ros Zeij's General Store.
 69536 | Depths:2 | Bought a potion of haste for 180 gold pieces
 69536 | Depths:2 | Bought a scroll of blinking for 135 gold pieces
 69828 | Depths:3 | Reached XP level 24. HP: 156/156 MP: 45/45
 69969 | Depths:3 | Found a burning altar of Makhleb.
 69971 | Depths:3 | Found a broken altar of Ashenzari.
 69972 | Depths:3 | Found a shimmering blue altar of Sif Muna.
 70273 | Depths:3 | Reached skill level 25 in Earth Magic
 71081 | Depths:3 | Identified the +6 quarterstaff "Bewuf" {flame, Str+3 Dex+4}
 71240 | Depths:3 | Identified the +3 orcbow "Pegetepy" {heavy, rCorr}
 71273 | Depths:3 | Identified the +1 leather armour of the Shrike {Will+
                  | Int+3}
 71303 | Depths:3 | You are sucked into a shaft and drop 1 floor!
 71303 | Depths:4 | Entered Level 4 of the Depths
 72038 | Depths:3 | Reached skill level 26 in Earth Magic
 72722 | Depths:3 | Learned a level 4 spell: Flame Wave
 72726 | Depths:3 | Learned a level 3 spell: Ozocubu's Armour
 72762 | Depths:4 | Found a one-way gateway to a ziggurat.
 72771 | Depths:4 | Found a corrupted altar of Lugonu.
 73787 | Depths:4 | Reached XP level 25. HP: 164/164 MP: 30/46
 74290 | Depths:4 | Found a gate to the Realm of Zot.
 75130 | Vaults:5 | Entered Level 5 of the Vaults
 75133 | Vaults:5 | Reached skill level 27 in Earth Magic
 75464 | Vaults:5 | Reached skill level 1 in Transmutations
 76107 | Vaults:5 | Identified the +10 long sword "Ditwepn" {freeze, Str-5
                  | Int+5 SInv}
 76751 | Vaults:5 | Got a silver rune of Zot
 76864 | Vaults:5 | Found the +3 pair of gauntlets of War {Slay+5}
 76878 | Vaults:5 | Identified the staff "Obiabb" {rF+ rC+ rCorr Int-5 Dex+2
                  | Ice}
 77229 | Vaults:5 | Identified the +1 dagger of Irritation {flame, rF+}
 77720 | Crypt:1  | Entered Level 1 of the Crypt
 77993 | Crypt:1  | Reached XP level 26. HP: 174/174 MP: 16/47
 78726 | Crypt:1  | Identified the ring of Padib {Will+ AC+4}
 79483 | Crypt:2  | Reached skill level 5 in Necromancy
 79551 | Crypt:2  | Reached skill level 10 in Dodging
 80566 | Crypt:3  | Entered Level 3 of the Crypt
 80674 | Crypt:3  | Noticed Khufu
 80726 | Crypt:2  | Killed Khufu
 81065 | Crypt:3  | Found a staircase to the Tomb.
 81515 | Crypt:3  | Reached skill level 5 in Transmutations
 81839 | Crypt:3  | Noticed a royal mummy
 81846 | Crypt:3  | Killed a royal mummy
 82402 | Crypt:3  | Identified the +8 flail of the Volcano {vamp, Fragile Str+7
                  | Stlth+}
 83525 | Slime:1  | Entered Level 1 of the Pits of Slime
 83625 | Slime:2  | Gained mutation: Your body sometimes deteriorates upon
                  | taking damage. [a shining eye]
 83628 | Slime:2  | Gained mutation: Armour fits poorly on your strangely
                  | shaped body. [a shining eye]
 83721 | Slime:2  | Gained mutation: You are dopey. (Int -2) [a shining eye]
 84217 | Slime:4  | Noticed Dissolution
 84225 | Slime:3  | Killed Dissolution
 84323 | Slime:3  | Gained mutation: You are weak. (Str -2) [a shining eye]
 84332 | Slime:3  | Reached XP level 27. HP: 76/182 MP: 16/48
 84649 | Slime:5  | Entered Level 5 of the Pits of Slime
 84680 | Slime:5  | Identified the ring of Conversion {*Slow rElec AC+4 Str+2
                  | Dex+2}
 84682 | Slime:5  | Identified the ring "Eklesesk" {Fire rCorr Int+2 Dex-2
                  | Stlth+}
 84765 | Slime:5  | Noticed the Royal Jelly
 84788 | Slime:3  | Gained mutation: You occasionally lose the ability to drink
                  | potions when taking damage. [a shining eye]
 84910 | Lair:4   | Lost mutation: You are dopey. (Int -2) [potion of mutation]
 84910 | Lair:4   | Lost mutation: Your body sometimes deteriorates upon taking
                  | damage. [potion of mutation]
 84910 | Lair:4   | Lost mutation: You occasionally lose the ability to drink
                  | potions when taking damage. [potion of mutation]
 84910 | Lair:4   | Gained mutation: You have hidden genetic defects. [potion
                  | of mutation]
 84910 | Lair:4   | Gained mutation: Your spells are a little harder to cast,
                  | but a little more powerful. [potion of mutation]
 84910 | Lair:4   | Gained mutation: You possess an exceptional clarity of
                  | mind. [potion of mutation]
 84911 | Lair:4   | Lost mutation: You possess an exceptional clarity of mind.
                  | [potion of mutation]
 84911 | Lair:4   | Lost mutation: Your spells are a little harder to cast, but
                  | a little more powerful. [potion of mutation]
 84911 | Lair:4   | Gained mutation: A frigid envelope surrounds you and
                  | freezes all who hurt you. [potion of mutation]
 85181 | Hell     | Entered the Vestibule of Hell
 85181 | Hell     | Noticed Geryon
 85508 | Hell     | Killed Geryon
 85627 | Hell     | Gained mutation: Your spells are a little easier to cast,
                  | but a little less powerful. [hidden defects]
 85877 | Depths:1 | Lost mutation: You are weak. (Str -2) [potion of mutation]
 85877 | Depths:1 | Lost mutation: A frigid envelope surrounds you and freezes
                  | all who hurt you. [potion of mutation]
 85877 | Depths:1 | Lost mutation: You have hidden genetic defects. [potion of
                  | mutation]
 85877 | Depths:1 | Gained mutation: You occasionally shout uncontrollably at
                  | your foes. [potion of mutation]
 85877 | Depths:1 | Gained mutation: Your flesh is cold resistant. (rC+)
                  | [potion of mutation]
 86065 | Hell     | Found a gateway to the freezing wastes of Cocytus.
 86164 | Hell     | Found a gateway to the decaying netherworld of Tartarus.
 86306 | Hell     | Found a gateway to the ashen valley of Gehenna.
 86522 | Hell     | Found a gateway to the Iron City of Dis.
 86655 | Geh:1    | Entered Level 1 of Gehenna
 88957 | Geh:5    | Noticed a dread lich
 88970 | Geh:5    | Killed a dread lich
 89530 | Geh:5    | Gained mutation: You are occasionally teleported next to
                  | monsters. [mutagenic glow]
 89537 | Hell     | Lost mutation: You occasionally shout uncontrollably at
                  | your foes. [potion of mutation]
 89537 | Hell     | Lost mutation: Armour fits poorly on your strangely shaped
                  | body. [potion of mutation]
 89537 | Hell     | Lost mutation: You are occasionally teleported next to
                  | monsters. [potion of mutation]
 89537 | Hell     | Gained mutation: You are frail. (-10% HP) [potion of
                  | mutation]
 89537 | Hell     | Gained mutation: You have very sharp teeth. [potion of
                  | mutation]
 89538 | Hell     | Lost mutation: You have very sharp teeth. [potion of
                  | mutation]
 89538 | Hell     | Lost mutation: Your flesh is cold resistant. (rC+) [potion
                  | of mutation]
 89538 | Hell     | Gained mutation: Potions are less effective at restoring
                  | your health. [potion of mutation]
 89538 | Hell     | Gained mutation: You do not regenerate when monsters are
                  | visible. [potion of mutation]
 89538 | Hell     | Gained mutation: You possess an exceptional clarity of
                  | mind. [potion of mutation]
 89538 | Hell     | Gained mutation: You have very sharp teeth. [potion of
                  | mutation]
 89539 | Hell     | Lost mutation: Potions are less effective at restoring your
                  | health. [potion of mutation]
 89539 | Hell     | Lost mutation: Your spells are a little easier to cast, but
                  | a little less powerful. [potion of mutation]
 89539 | Hell     | Lost mutation: You are frail. (-10% HP) [potion of
                  | mutation]
 89539 | Hell     | Lost mutation: You have very sharp teeth. [potion of
                  | mutation]
 89539 | Hell     | Gained mutation: You expend magic power (3 MP) to
                  | strengthen your wands. [potion of mutation]
 89545 | Hell     | Gained mutation: You are vulnerable to cold. (rC-)
                  | [mutagenic glow]
 89776 | Hell     | Bought a manual of Fighting for 1280 gold pieces
 89784 | Tar:1    | Entered Level 1 of Tartarus
 90106 | Tar:1    | You are sucked into a shaft and drop 1 floor!
 90151 | Hell     | HP: 7/143 [reaper/+1 scythe of flaming[a doom hound] (8)]
 90151 | Hell     | Slain by a bone dragon

Illustrated notes

Levels and vault maps discovered:
D:1:      dpeg_arrival_shrine, layout_loops_corners, serial_shops,
          nicolae_shop_tiny_waterfront,
          dreamdust_ecumenical_altar_drowned_temple, grunt_decor_resistance
D:2:      layout_loops_ring, serial_shops, nicolae_shop_waterfront, basic_altar,
          kennysheep_nondescript, uniq_crazy_yiuf_cottage
D:3:      layout_basic, nicolae_elyvilon_peaceful_grove,
          hangedman_feature_mirror, minivault_5, uniq_robin
D:4:      minmay_chambers_of_threes, layout_loops_ring,
          chequers_serial_rivers_large_b
D:5:      layout_gridville, minmay_temple_entry_statues_fountains,
          nicolae_kite_square_tiling_tiny
D:6:      layout_loops_cross, mainiacjoe_overflow_surrounded_room,
          kennysheep_vampire_church, kennysheep_mini,
          minmay_hollow_rounded_squares, uniq_prince_ribbit1, uniq_edmund
D:7:      layout_loops_ring, general_overflow_altar
D:8:      gammafunk_wand_slinger, layout_basic, minmay_lizard_king, uniq_amaemon
D:9:      layout_loops_corners, serial_shops, nicolae_shop_crystal,
          minmay_joined_circles, uniq_joseph, uniq_maggie
D:10:     layout_basic, lemuel_round_altar, lair_entry_dummy, uniq_lodul
D:11:     layout_irregular_city, kennysheep_cross_bottleneck
D:12:     layout_gridville, orc_0_dummy
D:13:     layout_cave_pools, grunt_vaults_entry_tiered,
          nicolae_ashenzari_panopticon, uniq_josephine
D:14:     layout_layer_cave, nrook_campfire, uniq_nessos
D:15:     grunt_enter_depths_hoard, layout_long_grid, minmay_splitting_lines
Temple:   eino_temple_rhombus
Lair:1:   layout_chaotic_city
Lair:2:   layout_long_grid, elwin_shoals_entry_rocks, roderic_batcave
Lair:3:   layout_hall_layers, guppyfry_snake_entry_garden, pond,
          lemuel_fruit_tree
Lair:4:   layout_gridlike, slime_entry_1, grunt_megastairs_1,
          serial_bayou_shore_b
Lair:5:   minmay_lair_end_enchanted_forest, layout_loops_ring, basic_altar,
          grunt_megastairs_4
Shoals:1: layout_shoals
Shoals:2: gammafunk_sealed_arena, layout_shoals,
          nicolae_shoals_elemental_ambush, uniq_polyphemus
Shoals:3: layout_shoals
Shoals:4: shoals_end_hellmonk_storm_palace [storm_palace_center_square,
          storm_palace_corner_blocked, storm_palace_corner_pillars,
          storm_palace_corner_grid, storm_palace_corner_altar]
Snake:1:  layout_grid_maze, special_room, serial_shops, shop_fountains,
          drop_trap, nicolae_snake_snake_lake, st_stairs_1, uniq_aizul,
          uniq_agnes, uniq_jorgrun
Snake:2:  gammafunk_sealed_library, layout_cave_town, basic_altar, serial_shops,
          nicolae_shop_peninsula, nicolae_shop_hallway_stairs,
          serial_nicolae_subway, nicolae_sub_station_crystal,
          nicolae_sub_station_stone, nicolae_sub_station_metal
Snake:3:  layout_misc_corridors, hangedman_snake_corridor_cut
Snake:4:  hellmonk_snake_rune_quicksilver_temple, layout_misc_corridors,
          nicolae_snake_serpentine_bazaar, uniq_vashnia
Slime:1:  layout_caves
Slime:2:  layout_caves
Slime:3:  layout_caves
Slime:4:  layout_caves, dissolution_awaits
Slime:5:  slime_pit_nicolae_jellycorners
Orc:1:    layout_caves
Orc:2:    st_orc_pillars, layout_caves, uniq_azrael
Elf:1:    layout_gridlike, portal_desolation_entry_garden, evilmike_minifort
Elf:2:    elven_hall_of_blades_hangedman_original [nooodl_blade_entry_preview],
          layout_onion_city
Elf:3:    minmay_elf_hall_hex, layout_geoelf_grid, serial_shops, shop, shop,
          minivault_13, minmay_shop_star
Vaults:1: nicolae_vaults_taking_the_gang_shopping, vaults_mumra_hexcomb,
          nicolae_vaults_more_shelving_2, vaults_room_glass_cross,
          nicolae_vaults_tetromino_Z_2, v_pattern_5,
          nicolae_vaults_offset_grid_hallway_3, nicolae_vaults_shelves_hall,
          nicolae_vaults_prndl, nicolae_vaults_six-pack,
          nicolae_vaults_storage_closets_2, nicolae_vaults_tangram_2,
          ontoclasm_vaults_loading_screen, grunt_vaults_hallway_short,
          ontoclasm_vaults_loading_screen, layout_vaults_chaotic_city,
          serial_shops, nicolae_shop_stone
Vaults:2: nicolae_vaults_off_center_swirl, nicolae_vaults_tetromino_Z_1,
          hangedman_vaults_snaps, grunt_vaults_hallway_short,
          nicolae_vaults_heist, v_rooms_6, grunt_vaults_hallway_long, v_misc_30,
          grunt_vaults_bifocal, vaults_room_octagon, nicolae_vaults_big_ls,
          vaults_dpeg_ring, nicolae_vaults_mitosis,
          nicolae_vaults_ring_of_whatevers, serial_ice_b, vaults_dpeg_hooks,
          layout_vaults_big_cross
Vaults:3: nicolae_vaults_cochlea, hangedman_vaults_river_flow,
          nicolae_vaults_windows_and_doors_thing,
          nicolae_vaults_mini_display_case, v_misc_30,
          nicolae_vaults_tetromino_L_1, nicolae_vaults_cochlea,
          nicolae_vaults_cornered_office, hangedman_vaults_trim,
          nicolae_vaults_storage_room_statues,
          minmay_crypt_entry_simple_corners, nicolae_vaults_security_offices_6,
          layout_vaults_omnibox
Vaults:4: v_misc_10, nicolae_vaults_quadrants, nicolae_vaults_two_Ls,
          nicolae_vaults_network_barrier, vaults_standard_mumra_x, v_misc_23,
          nicolae_vaults_closet_pinwheel_4, nicolae_vaults_little_squares_5,
          hangedman_vaults_restitches, layout_vaults_omnigrid
Vaults:5: uniq_margery
Crypt:1:  layout_misc_corridors
Crypt:2:  layout_basic
Crypt:3:  due_elkab, layout_chaotic_city, st_stairs_4, uniq_khufu,
          uniq_josephina
Depths:1: layout_gridville, abyss_entry_crystal, hangedman_coc_ice_floe,
          serial_shops, shop, rand_demon_pan_entry_8, kennysheep_random_hallway
Depths:2: kennysheep_bubble_arena, layout_basic, abyss_entry, serial_shops,
          shop_statue, hell_entry, rand_demon_pan_entry_9,
          infiniplex_staircase_split_hallway
Depths:3: hangedman_slaughterboxes, pan_entry, hell_entry, abyss_entry
Depths:4: grunt_zot_entry_funnels, layout_cave_pools, enter_ziggurat_d,
          abyss_entry_flame_altar, chequers_serial_rivers_small_b,
          pf_dread_powers_of_hell, minmay_liquid_box
Hell
Geh:1:    layout_gehenna_pools_box, nicolae_geh_single_fiery_grave
Geh:2:    nicolae_geh_lava_swirls, layout_gehenna_pools_triple
Geh:3:    layout_gehenna_pools_triple
Geh:4:    layout_gehenna_lava_caves
Geh:5:    layout_gehenna_lava_caves
Tar:1:    layout_catacombs
Tar:2:    layout_catacombs

Skill      XL: |  1  2  3  4  5  6  7  8  9 10 11 12 13 14 15 16 17 18 19 20 21 22 23 24 25 26 27 |
---------------+----------------------------------------------------------------------------------+-----
Fighting       | 1 2 3 4 6 7 8 10 11 12 13 14 15 17 18 20 21 22 | 22.0
Earth Magic    | 4 5 6 7 8 10 11 12 13 14 16 18 19 20 22 24 26 27 | 27.0
Armour         | 1 2 3 4 5 6 7 8 9 10 12 13 14 | 14.0
Shields        | 1 2 3 4 5 6 8 9 10 11 12 13 14 | 14.0
Spellcasting   | 3 4 5 6 7 9 10 11 13 14 15 16 17 18 19 20 21 22 | 22.8
Translocations | 2 3 |  3.0
Dodging        | 2 4 5 6 7 8 9 10 13 | 13.1
Conjurations   | 1 3 8 9 10 11 12 | 12.0
Fire Magic     | 3 8 10 12 13 14 15 | 15.2
Necromancy     | 2 4 6 8 |  8.2
Ice Magic      | 2 |  2.2
Transmutations | 2 5 7 |  7.7
Stealth        | |  2.1

Action                     |  1- 3 |  4- 6 |  7- 9 | 10-12 | 13-15 | 16-18 | 19-21 | 22-24 | 25-27 || total
---------------------------+-------+-------+-------+-------+-------+-------+-------+-------+-------++-------
  Melee: Unarmed           |     4 |       |       |       |       |       |       |       |       ||     4
         Dagger            |     3 |       |       |       |   147 |   407 |   266 |    65 |       ||   888
         Short sword       |    16 |     4 |       |       |       |       |       |       |       ||    20
         Staff             |       |    20 |       |       |       |       |       |    20 |       ||    40
         Glaive            |       |    17 |   167 |   441 |   656 |       |       |       |       ||  1281
         Great mace        |       |       |       |       |    11 |       |       |       |       ||    11
         Long sword        |       |       |       |       |       |       |       |       |    63 ||    63
   Cast: Sandblast         |    48 |   100 |     2 |    41 |    35 |       |       |       |       ||   226
         Stone Arrow       |       |       |       |    39 |   589 |  1217 |   587 |    59 |     3 ||  2494
         Blink             |       |       |       |       |    16 |     5 |     1 |     5 |     2 ||    29
         Passwall          |       |       |       |       |     1 |       |       |       |       ||     1
         Flame Wave        |       |       |       |       |       |    91 |     1 |     3 |       ||    95
         Starburst         |       |       |       |       |       |    17 |   241 |   172 |    11 ||   441
         Leda's Unmaking   |       |       |       |       |       |       |   174 |   490 |   193 ||   857
         Shatter           |       |       |       |       |       |       |       |   115 |   440 ||   555
         Lehudib's Crystal |       |       |       |       |       |       |       |    71 |    86 ||   157
         Ozocubu's Armour  |       |       |       |       |       |       |       |     3 |       ||     3
 Invoke: Call Merchant     |       |       |       |       |     1 |     4 |       |     2 |     3 ||    10
         Potion Petition   |       |       |       |       |       |       |       |       |     1 ||     1
    Use: Scroll            |       |     6 |     7 |    12 |     5 |    11 |     7 |     9 |     4 ||    61
         Potion            |       |       |       |     2 |     4 |     4 |     4 |     3 |    11 ||    28
   Stab: Distracted        |     1 |       |     1 |     1 |     8 |    11 |     6 |       |       ||    28
         Sleeping          |       |       |     5 |     1 |       |       |       |     1 |       ||     7
 Armour: Robe              |    14 |    43 |   128 |       |       |       |       |       |       ||   185
         Quicksilver drago |       |       |     9 |   475 |  1037 |   702 |   617 |   178 |       ||  3018
         Leather armour    |       |       |       |       |       |       |       |   229 |   372 ||   601
  Dodge: Dodged            |    27 |    58 |   169 |   603 |  1653 |   520 |   451 |   451 |   345 ||  4277
  Block: Buckler           |     2 |    15 |       |       |       |       |       |       |       ||    17
         Tower shield      |       |       |       |       |   255 |  1367 |       |       |       ||  1622
         Kite shield       |       |       |       |       |       |   118 |   868 |   726 |   463 ||  2175
         Reflection        |       |       |       |       |       |     8 |   105 |    82 |       ||   195

Table legend: (Time is in decaauts)
 A = Elapsed time spent in this place.
 B = Non-inter-level travel time spent in this place.
 C = Inter-level travel time spent in this place.
 D = Time resting spent in this place.
 E = Time spent auto-exploring this place.
 F = Levels seen in this place.
 G = Mean time per level.
                   A        B        C        D        E       F      G
               +--------+--------+--------+--------+--------+-----+--------+
         Total |  91683 |  86612 |   5071 |  20824 |  44636 |  61 | 1503.0 |
       Dungeon |  21546 |  19262 |   2284 |   3020 |  12027 |  15 | 1436.4 |
        Temple |     78 |     48 |     30 |      0 |      1 |   1 |   78.0 |
          Lair |   9167 |   8287 |    880 |   1990 |   4189 |   5 | 1833.4 |
        Shoals |   6082 |   5992 |     90 |    653 |   3731 |   4 | 1520.5 |
     Snake Pit |   7379 |   7241 |    138 |   1187 |   3822 |   4 | 1844.8 |
    Slime Pits |   1377 |   1377 |      0 |    781 |    177 |   5 |  275.4 |
  Orcish Mines |   5940 |   5723 |    217 |   2243 |   1861 |   2 | 2970.0 |
   Elven Halls |   6612 |   6421 |    191 |   1675 |   3147 |   3 | 2204.0 |
        Vaults |  12931 |  12268 |    663 |   2347 |   7378 |   5 | 2586.2 |
         Crypt |   5066 |   4923 |    143 |   1195 |   2816 |   3 | 1688.7 |
        Depths |   8871 |   8730 |    141 |   3618 |   3065 |   4 | 2217.8 |
          Hell |   2290 |   2290 |      0 |   1238 |    637 |   1 | 2290.0 |
       Gehenna |   2034 |   1745 |    289 |    233 |    887 |   5 |  406.8 |
      Tartarus |    181 |    181 |      0 |      0 |    121 |   2 |   90.5 |
         Abyss |    110 |    110 |      0 |     23 |     34 |   1 |  110.0 |
    Desolation |   2014 |   2014 |      0 |    620 |    742 |   1 | 2014.0 |
               +--------+--------+--------+--------+--------+-----+--------+

Top non-repeatable levels by time:
   Orc:2: 3537 daAuts
Depths:3: 3450 daAuts
Vaults:4: 3412 daAuts
Vaults:1: 2983 daAuts
Vaults:2: 2895 daAuts
 Snake:4: 2426 daAuts
   Orc:1: 2403 daAuts
    Hell: 2290 daAuts
   Elf:2: 2270 daAuts
   Elf:3: 2262 daAuts
Depths:2: 2173 daAuts
  Lair:3: 2162 daAuts
Shoals:4: 2119 daAuts
   Elf:1: 2079 daAuts
Vaults:3: 2055 daAuts
